 Dungeon Crawl Stone Soup version 0.30-a0-6-g7c9e10e132 (webtiles) character file.

Game seed: 6116434180117678724

9 drugrobin the Sneak (level 1, -1/18 HPs)
             Began as a Demigod Delver on Aug 23, 2022.
             Slain by a hobgoblin (4 damage)
             ... on level 1 of the Dungeon.
             The game lasted 00:01:14 (434 turns).

drugrobin the Sneak (Demigod Delver)                 Turns: 434, Time: 00:01:14

Health: -1/18      AC:  3    Str: 13    XL:     1   Next: 86%
Magic:  3/3        EV: 11    Int: 12    God:
Gold:   43         SH:  0    Dex: 15    Spells: 0/0 levels left

rFire   . . .      SeeInvis .    a - +0 short sword
rCold   . . .      Faith    .    (no shield)
rNeg    . . .      Spirit   .    b - +0 leather armour
rPois   .          Reflect  .    (no helmet)
rElec   .          Harm     .    (no cloak)
rCorr   .          Rampage  .    (no gloves)
Will    .....                    (no boots)
Stlth   +++.......               (no amulet)
HPRegen 0.06/turn                (no ring)
MPRegen 0.08/turn                (no ring)

@: no status effects
A: high MP 1, forlorn, divine attributes
a: no special abilities


You were on level 1 of the Dungeon.
You visited 1 branch of the dungeon, and saw 5 of its levels.

You collected 67 gold pieces.
You spent 24 gold pieces at shops.

Inventory:

Hand Weapons
 a - a +0 short sword (weapon)
Missiles
 h - 2 javelins
 k - 3 boomerangs (quivered)
Armour
 b - a +0 leather armour (worn)
Wands
 g - a wand of digging (3)
Scrolls
 c - a scroll of fog
 d - a scroll of magic mapping
 e - a scroll of fear
 i - a scroll of poison {unknown}
 j - 2 scrolls of identify
 m - a scroll of torment {unknown}
 o - a scroll of silence {unknown}
 p - a scroll of immolation {unknown}
Potions
 f - 2 potions of haste
 l - a potion of flight {unknown}
 n - a potion of mutation {unknown}


   Skills:
 - Level 2.6 Fighting
 + Level 2.5 Short Blades
 - Level 1.7 Dodging
 - Level 4.5 Stealth


You couldn't memorise any spells.
You didn't know any spells.
Your spell library was empty.

Dungeon Overview and Level Annotations

Branches:
Dungeon (5/15)
 Temple: D:4-7

Shops:
D:3 *


Innate Abilities, Weirdness & Mutations

You have an increased reservoir of magic. (+10% MP)
You shall have no god before yourself.
Your divine heritage dramatically boosts your attributes as you level up.


Message History

The ball python hisses angrily.
You see here a scroll of identify.
j - 2 scrolls of identify (gained 1)
The hobgoblin shouts!
You hear a shout!
A goblin comes into view. It is wielding a +0 club.
You barely miss the ball python. The ball python closely misses you.
The ball python grabs you. The ball python constricts you.
You hit the ball python.
The ball python is severely wounded.
The ball python bites you. The ball python constricts you.
You closely miss the ball python.
The ball python is severely wounded.
The ball python bites you. The ball python constricts you.
You hit the ball python but do no damage.
The ball python is severely wounded.
The hobgoblin barely misses you. The ball python barely misses you.
The ball python constricts you.
You hit the ball python.
You kill the ball python!
The hobgoblin hits you but does no damage.
You hit the hobgoblin.
The hobgoblin is lightly wounded.
The hobgoblin barely misses you.
You barely miss the hobgoblin.
The hobgoblin is lightly wounded.
The hobgoblin hits you.
You closely miss the hobgoblin.
The hobgoblin is lightly wounded.
The goblin hits you but does no damage. The hobgoblin hits you.
You closely miss the hobgoblin.
The hobgoblin is lightly wounded.
The goblin hits you with a +0 club.
* * * LOW HITPOINT WARNING * * *
The hobgoblin hits you but does no damage.
Unknown command.
Unknown command.
Unknown command.
The hobgoblin attacks as you move away! The hobgoblin closely misses you.
The hobgoblin attacks as you move away! The hobgoblin hits you.
You die...

... #. #. ...... #. #...... #.
#......# #. #......## #.
#........ #. ....#..########## #.
#######...#@.......#.# #.
...>....#.'gg†.....#.######.
......^...#........#.#....#.
#########...#........#.#....#.
#.# ###.#..#........#.#....#.
####'####..##..#........#.#....#.
..'...'..####..#........'.#....#.
###.<.#### #..#........#.'......
..'...'..####..##########.#######


You could see a hobgoblin and a goblin.

Vanquished Creatures
  A bat (D:2)
  An endoplasm (D:3)
  A goblin (D:1)
  2 hobgoblins
  A ball python (D:1)
  A kobold (D:1)
  A rat (D:3)
8 creatures vanquished.

Notes
Turn   | Place    | Note
-------+----------+-------------------------------------------
     0 | D:5      | drugrobin the Demigod Delver began the quest for the Orb.
     0 | D:5      | Reached XP level 1. HP: 18/18 MP: 3/3
    76 | D:3      | Found Hyfuim's General Store.
    90 | D:3      | Bought a scroll of identify for 24 gold pieces
   434 | D:1      | Slain by a hobgoblin

Illustrated notes

Levels and vault maps discovered:
D:1:      dpeg_arrival_radiant, layout_basic,
          shapermc_ecumenical_altar_starsandcircs, minivault_25, nrook_uturn
D:2:      layout_loops_cross
D:3:      layout_loops_ring, serial_shops, shop_fountains, nicolae_shop_crystal,
          shop, shop, shop, uniq_terence, uniq_crazy_yiuf_cottage, uniq_sigmund
D:4:      layout_gridville, nemelex_xobeh_ov_fountains_minmay, serial_shops,
          shop_scrolls, dilly_guarded_unrand_morg, uniq_pikel
D:5:      layout_loops_cross, mainiacjoe_overflow_surrounded_room,
          nicolae_elyvilon_peaceful_grove, mainiacjoe_overflow_24_doors,
          temple_fountains, gammafunk_ghost_split, minmay_stone_trees_small

Skill      XL: |  1 |
---------------+----+-----
Short Blades   | 2 |  2.5
Fighting       | |  2.6
Dodging        | |  1.7
Stealth        | |  4.5

Action                   || total
-------------------------++-------
Melee: Short sword       ||    29
 Stab: Sleeping          ||     3
Armor: Leather armour    ||     8
Dodge: Dodged            ||    16

Table legend: (Time is in decaauts)
 A = Elapsed time spent in this place.
 B = Non-inter-level travel time spent in this place.
 C = Inter-level travel time spent in this place.
 D = Time resting spent in this place.
 E = Time spent auto-exploring this place.
 F = Levels seen in this place.
 G = Mean time per level.
                   A        B        C        D        E       F      G
               +--------+--------+--------+--------+--------+-----+--------+
         Total |    432 |    426 |      6 |      0 |    271 |   5 |   86.4 |
       Dungeon |    432 |    426 |      6 |      0 |    271 |   5 |   86.4 |
               +--------+--------+--------+--------+--------+-----+--------+

Top non-repeatable levels by time:
     D:1: 271 daAuts
     D:3: 70 daAuts
     D:2: 66 daAuts
     D:4: 17 daAuts
     D:5: 6 daAuts
